 Dungeon Crawl Stone Soup version 0.26-a0-597-gb535b0901c (webtiles) character file.

Game seed: 6119189330133979191

13454 Cokeysmoke the Fighter (level 12, -1/100 HPs)
             Began as a Gnoll Wanderer on Sept 10, 2020.
             Was a High Priest of Ru.
             Slain by Jorgrun
             ... wielding an uncursed staff of earth
              (9 damage)
             ... on level 1 of the Orcish Mines.
             The game lasted 00:39:43 (11691 turns).

Cokeysmoke the Fighter (Gnoll Wanderer)            Turns: 11691, Time: 00:39:44

Health: -1/100     AC: 25    Str: 19    XL:     12   Next: 6%
Magic:  21/21      EV:  0    Int: 14    God:    Ru [*****.]
Gold:   474        SH:  0    Dex: 16    Spells: 23/23 levels left

rFire    + . .     SeeInvis .   a - +9 dire flail (vorpal)
rCold    + . .     Faith    .   (shield currently unavailable)
rNeg     + . .     Spirit   .   r - +5 gold dragon scales
rPois    +         Reflect  .   p - +0 helmet
rElec    .         Harm     .   F - +0 cloak
rCorr    +                      (no gloves)
MR       .....                  i - +0 pair of boots
Stlth    ..........             (no amulet)
HPRegen  0.26/turn              m - ring of resist corrosion
MPRegen  0.17/turn              o - ring of positive energy

@: petrifying, grasped by roots, constricted, very slow
A: distributed training, fangs 1, no stealth, inability to use devices,
unskilled 1, strong nose
a: Draw Out Power, Power Leap, Apocalypse, Renounce Religion


You were on level 1 of the Orcish Mines.
You worshipped Ru.
Ru was extremely pleased with you.
You visited 2 branches of the dungeon, and saw 12 of its levels.

You collected 826 gold pieces.
You spent 352 gold pieces at shops.

Inventory:

Hand Weapons
 a - a +9 vorpal dire flail (weapon)
 B - a +2 shortbow
Missiles
 b - 276 arrows
 g - 4 throwing nets
 l - 5 javelins (quivered)
 s - 8 curare-tipped darts
Armour
 e - a +0 tower shield
 i - a +0 pair of boots (worn)
 j - a +0 plate armour
 p - a +0 helmet (worn)
 r - +5 gold dragon scales (worn)
 v - a +3 ring mail
 F - a +0 cloak (worn)
 G - +0 steam dragon scales
 K - a +0 buckler
 M - the +2 scale mail "Houbbew" {rPois rCorr Stlth-}
   (You found it on level 8 of the Dungeon)

   It protects you from poison.
   It provides partial protection from all sources of acid and corrosion.
   It makes you less stealthy.
Magical Staves
 d - an uncursed staff of death
 y - an uncursed staff of air
 J - an uncursed staff of fire
Jewellery
 m - a ring of resist corrosion (left hand)
 o - a ring of positive energy (right hand)
 I - an uncursed ring of poison resistance
 L - an uncursed ring of magical power
Scrolls
 f - a scroll of magic mapping
 h - a scroll of summoning
 q - a scroll of immolation
 u - 2 scrolls of fog
 z - 3 scrolls of blinking
 D - a scroll of noise {unknown}
 H - 4 scrolls of teleportation
 R - a scroll of brand weapon {unknown}
Potions
 c - a potion of curing
 k - a potion of brilliance {unknown}
 n - a potion of stabbing {unknown}
 w - 2 potions of flight {unknown}
 x - 3 potions of resistance {unknown}
 C - a potion of degeneration {unknown}
 N - a potion of haste {unknown}
 O - a potion of ambrosia {unknown}
 P - 2 potions of berserk rage {unknown}
 Q - a potion of magic {unknown}


   Skills:
 + Level 11.3 Fighting
 + Level 6.3 Short Blades
 + Level 6.3 Long Blades
 + Level 6.3 Axes
 + Level 6.3 Maces & Flails
 + Level 6.3 Polearms
 + Level 6.3 Staves
 + Level 6.3 Slings
 + Level 6.7 Bows
 + Level 6.3 Crossbows
 + Level 6.7 Throwing
 + Level 7.6 Armour
 + Level 6.3 Dodging
   Level 0.0 Stealth
 + Level 6.3 Shields
 + Level 6.3 Unarmed Combat
 + Level 6.3 Spellcasting
 + Level 5.2 Conjurations
 + Level 5.2 Hexes
 + Level 5.2 Summonings
 + Level 5.2 Necromancy
 + Level 5.2 Translocations
 + Level 5.2 Transmutations
 + Level 5.2 Fire Magic
 + Level 5.2 Ice Magic
 + Level 5.2 Air Magic
 + Level 5.2 Earth Magic
 + Level 5.2 Poison Magic
 + Level 6.9 Invocations
   Level 0.0 Evocations


You had 23 spell levels left.
You didn't know any spells.
Your spell library contained the following spells:

 Spells                   Type           Power        Failure   Level
 Animate Skeleton         Necr           ###...       97%         1
 Beastly Appendage        Tmut           ###...       97%         1
 Pain                     Necr           ###.         97%         1
 Poisonous Vapours        Pois/Air       ###...       99%         2
 Wereblood                Tmut           ###.....     99%         2
 Conjure Flame            Conj/Fire      ###.....     100%        3
 Mephitic Cloud           Conj/Pois/Air  ###.....     100%        3
 Spider Form              Tmut/Pois      ###.......   100%        3
 Vampiric Draining        Necr           ###.......   100%        3
 Animate Dead             Necr           ###.......   100%        4
 Ice Form                 Ice/Tmut       ###.....     100%        4
 Agony                    Necr           ###.....     100%        5
 Blade Hands              Tmut           ###.......   100%        5
 Freezing Cloud           Conj/Ice/Air   ###.......   100%        6


Dungeon Overview and Level Annotations

Branches:
Dungeon (11/15)            Temple (0/1) D:5            Lair (0/6) D:9
    Orc (1/2) D:11

Altars:
Cheibriados
Gozag
Hepliaklqana
Kikubaaqudgha
Nemelex Xobeh
Okawaru
Ru
Trog
Uskayaw
Vehumet
Xom
The Shining One

Shops:
D:4 !   D:9 [:?*   Orc:1 (

Annotations:
Orc:1 Jorgrun


Innate Abilities, Weirdness & Mutations

Your experience applies equally to all skills.
You have very sharp teeth.
You cannot be stealthy.
You cannot study or use magical devices.
You are somewhat unskilled. (-1 Apt)
Your uncanny sense of smell can sniff out nearby items.


Message History

* * * LOW HITPOINT WARNING * * *
You focus your will and illuminate the orc in retribution!
You puncture something! You bite something. Something hits you.
* * * LOW HITPOINT WARNING * * *
You focus your will and illuminate something in retribution!
* * * LOW HITPOINT WARNING * * *
The grasping roots constrict you! The orc hits you but does no damage.
You puncture Jorgrun!
Jorgrun is severely wounded.
The orc hits you but does no damage.
Jorgrun hits you with an uncursed staff of earth!
* * * LOW HITPOINT WARNING * * *
x2 The grasping roots constrict you.
The orc hits you but does no damage.
You feel better. The orc hits you but does no damage.
Jorgrun gestures at you while chanting.
You are slowing down.
* * * LOW HITPOINT WARNING * * *
The grasping roots constrict you! The orc hits you but does no damage.
You feel better. Jorgrun hits you but does no damage.
You die...

#..........
#.........
#........
#.......##
#...#....##
###.........#
.......og...##
...>..o@.....#
.........#..##
..#.....#.).#
#.#.......##
........#..###
.#.#.....##....##
##.#.#......#....#
.#...............##
#.....##.......#.##


You could see Jorgrun (invisible, corona) and 2 orcs.

Vanquished Creatures
  Harold (D:7)
  3 two-headed ogres
  A dancing weapon (D:6)
  The ghost of p0werm0de the Skirmisher, a novice MiFi of Cheibriados (D:6)
  2 ugly things (D:11)
  A centaur zombie (D:11)
  A komodo dragon (D:10)
  Maggie (D:6)
  5 trolls
  3 hippogriffs
  A hornet (D:11)
  Eustachio (D:6)
  3 yaks (D:10)
  Edmund (D:6)
  2 soldier ants
  A phantom (D:10)
  2 sky beasts
  8 orc warriors
  2 necrophages
  2 black bears
  2 ogres
  3 wolves (D:9)
  6 centaurs
  A crocodile (D:10)
  8 bullfrogs
  3 big kobolds (D:11)
  2 gnoll sergeants
  3 scorpions
  4 electric eels (D:9)
  5 howler monkeys
  2 bullfrog zombies
  9 hounds
  2 jellies
  Crazy Yiuf (D:6)
  7 orc priests
  2 bullfrog skeletons (D:8)
  15 orc wizards
  A gnoll shaman (D:10)
  3 iguanas
  7 worker ants
  A killer bee zombie (D:10)
  A howler monkey zombie (D:4)
  Robin (D:2)
  A worker ant zombie (D:11)
  14 gnolls
  14 adders
  2 shadow imps
  2 white imps
  4 ufetubi
  An adder zombie (D:6)
  An adder skeleton (D:4)
  4 dart slugs
  2 worms
  3 leopard geckos
  44 orcs
  5 giant cockroaches
  19 goblins
  12 hobgoblins
  15 jackals
  4 quokkas
  4 ball pythons
  5 bats
  9 frilled lizards
  6 kobolds
  A leopard gecko skeleton (D:4)
  A quokka skeleton (D:4)
  8 rats
  A bush (D:9)
313 creatures vanquished.

Notes
Turn   | Place    | Note
-------+----------+-------------------------------------------
     0 | D:1      | Reached skill level 10 in Fighting
     0 | D:1      | Cokeysmoke the Gnoll Wanderer began the quest for the Orb.
     0 | D:1      | Cokeysmoke set off with the following items: a +2 shortbow,
                  | 23 arrows, 2 potions of curing, a +0 robe
     0 | D:1      | Reached XP level 1. HP: 28/28 MP: 1/1
    76 | D:1      | Reached XP level 2. HP: 36/36 MP: 2/2
   428 | D:1      | Reached XP level 3. HP: 42/42 MP: 3/3
   961 | D:2      | Reached skill level 1 in Invocations
   965 | D:2      | Noticed Robin
   973 | D:2      | Killed Robin
   973 | D:2      | Reached skill level 1 in Short Blades
   973 | D:2      | Reached skill level 1 in Long Blades
   973 | D:2      | Reached skill level 1 in Axes
   973 | D:2      | Reached skill level 1 in Maces & Flails
   973 | D:2      | Reached skill level 1 in Polearms
   973 | D:2      | Reached skill level 1 in Staves
   973 | D:2      | Reached skill level 1 in Slings
   973 | D:2      | Reached skill level 1 in Crossbows
   973 | D:2      | Reached skill level 1 in Dodging
   973 | D:2      | Reached skill level 1 in Shields
   973 | D:2      | Reached skill level 1 in Unarmed Combat
   973 | D:2      | Reached skill level 1 in Spellcasting
   973 | D:2      | Reached skill level 1 in Evocations
   977 | D:2      | Reached XP level 4. HP: 43/48 MP: 5/5
  1178 | D:2      | Reached skill level 1 in Conjurations
  1178 | D:2      | Reached skill level 1 in Hexes
  1178 | D:2      | Reached skill level 1 in Summonings
  1178 | D:2      | Reached skill level 1 in Necromancy
  1178 | D:2      | Reached skill level 1 in Translocations
  1178 | D:2      | Reached skill level 1 in Transmutations
  1178 | D:2      | Reached skill level 1 in Fire Magic
  1178 | D:2      | Reached skill level 1 in Ice Magic
  1178 | D:2      | Reached skill level 1 in Air Magic
  1178 | D:2      | Reached skill level 1 in Earth Magic
  1178 | D:2      | Reached skill level 1 in Poison Magic
  1340 | D:2      | Found a snail-covered altar of Cheibriados.
  1526 | D:2      | Reached XP level 5. HP: 54/54 MP: 6/6
  2320 | D:3      | Found an ancient bone altar of Kikubaaqudgha.
  2321 | D:3      | Found a sacrificial altar of Ru.
  2322 | D:3      | Found an opulent altar of Gozag.
  2322 | D:3      | Found a glowing golden altar of the Shining One.
  2323 | D:3      | Found a hide-covered altar of Uskayaw.
  2337 | D:3      | Became a worshipper of Ru the Awakened
  2687 | D:4      | Reached XP level 6. HP: 58/61 MP: 8/8
  2750 | D:4      | Reached skill level 5 in Armour
  3177 | D:4      | Found Qahishaw's Distillery.
  3256 | D:4      | Reached XP level 7. HP: 60/67 MP: 10/10
  3381 | D:5      | Entered Level 5 of the Dungeon
  3449 | D:5      | Found a sparkling altar of Nemelex Xobeh.
  3709 | D:5      | Gained mutation: You are somewhat unskilled. (-1 Apt) [Ru
                  | sacrifice]
  3709 | D:5      | Reduced skill Fighting to level 9
  3709 | D:5      | Reduced skill Conjurations to level 1
  3709 | D:5      | Reduced skill Hexes to level 1
  3709 | D:5      | Reduced skill Summonings to level 1
  3709 | D:5      | Reduced skill Necromancy to level 1
  3709 | D:5      | Reduced skill Translocations to level 1
  3709 | D:5      | Reduced skill Transmutations to level 1
  3709 | D:5      | Reduced skill Fire Magic to level 1
  3709 | D:5      | Reduced skill Ice Magic to level 1
  3709 | D:5      | Reduced skill Air Magic to level 1
  3709 | D:5      | Reduced skill Earth Magic to level 1
  3709 | D:5      | Reduced skill Poison Magic to level 1
  3709 | D:5      | Reached * piety under Ru
  3709 | D:5      | Reached ** piety under Ru
  3740 | D:5      | Found an iron altar of Okawaru.
  3784 | D:5      | Found a staircase to the Ecumenical Temple.
  4045 | D:6      | Reached skill level 5 in Armour
  4045 | D:6      | Reached XP level 8. HP: 72/72 MP: 11/11
  4084 | D:6      | Noticed Edmund
  4095 | D:6      | Noticed Eustachio
  4113 | D:6      | Killed Edmund
  4136 | D:6      | Reached skill level 10 in Fighting
  4163 | D:6      | Killed Eustachio
  4446 | D:6      | Found a radiant altar of Vehumet.
  4605 | D:6      | Reached XP level 9. HP: 78/78 MP: 14/14
  4628 | D:6      | Found a runed translucent door.
  4631 | D:6      | Noticed Crazy Yiuf
  4639 | D:6      | Killed Crazy Yiuf
  4723 | D:6      | Noticed Maggie
  4733 | D:6      | Killed Maggie
  4942 | D:6      | Found a runed translucent door.
  4943 | D:6      | Found a shimmering altar of Xom.
  4943 | D:6      | Noticed p0werm0de's ghost (novice MiFi)
  4943 | D:6      | Noticed a +2 scimitar of chaos
  4954 | D:6      | Killed a +2 scimitar of chaos
  4962 | D:6      | Killed p0werm0de's ghost
  5301 | D:7      | Found a bloodstained altar of Trog.
  5318 | D:7      | Reached skill level 5 in Bows
  5318 | D:7      | Reached skill level 5 in Throwing
  5337 | D:7      | Noticed Harold
  5353 | D:7      | Killed Harold
  5353 | D:7      | Reached skill level 5 in Stealth
  5353 | D:7      | Reached skill level 5 in Invocations
  5353 | D:7      | Reached XP level 10. HP: 52/86 MP: 16/16
  5664 | D:7      | Gained mutation: You cannot study or use magical devices.
                  | [Ru sacrifice]
  5664 | D:7      | Reached *** piety under Ru
  5664 | D:7      | Reached **** piety under Ru
  6161 | D:8      | Found a shimmering altar of Xom.
  6162 | D:8      | Found a shimmering altar of Xom.
  6163 | D:8      | Found a shimmering altar of Xom.
  6165 | D:8      | Found a shimmering altar of Xom.
  6231 | D:8      | Noticed a two-headed ogre
  6240 | D:8      | Killed a two-headed ogre
  6349 | D:8      | Reached skill level 5 in Short Blades
  6349 | D:8      | Reached skill level 5 in Long Blades
  6349 | D:8      | Reached skill level 5 in Axes
  6349 | D:8      | Reached skill level 5 in Maces & Flails
  6349 | D:8      | Reached skill level 5 in Polearms
  6349 | D:8      | Reached skill level 5 in Staves
  6349 | D:8      | Reached skill level 5 in Slings
  6349 | D:8      | Reached skill level 5 in Crossbows
  6349 | D:8      | Reached skill level 5 in Dodging
  6349 | D:8      | Reached skill level 5 in Shields
  6349 | D:8      | Reached skill level 5 in Unarmed Combat
  6349 | D:8      | Reached skill level 5 in Spellcasting
  6712 | D:8      | Got a shimmering scale mail
  6723 | D:8      | Identified the +2 scale mail "Houbbew" {rPois rCorr Stlth-}
                  | (You found it on level 8 of the Dungeon)
  7396 | D:9      | HP: 4/86 [electric eel/bolt of electricity (11)]
  7799 | D:9      | Found a staircase to the Lair.
  7815 | D:9      | Reached XP level 11. HP: 74/92 MP: 18/18
  7816 | D:9      | Gained mutation: You cannot be stealthy. [Ru sacrifice]
  7816 | D:9      | Reached ***** piety under Ru
  7894 | D:9      | Found Acasoc's Antique Armour Emporium.
  7908 | D:9      | Found Ohiunk's Book Shop.
  8185 | D:9      | Noticed a two-headed ogre
  8187 | D:9      | Found Qyppedu's Magic Scroll Shop.
  8198 | D:9      | Killed a two-headed ogre
  8427 | D:9      | Found a hazy altar of Hepliaklqana.
  8466 | D:9      | Found Saaxiz's General Store.
  8630 | D:9      | Bought a scroll of enchant weapon for 120 gold pieces
  8645 | D:10     | Entered Level 10 of the Dungeon
  8873 | D:10     | Reached skill level 11 in Fighting
  9134 | D:10     | Noticed a two-headed ogre
  9138 | D:10     | Killed a two-headed ogre
 10029 | D:11     | Noticed a green ugly thing
 10030 | D:11     | Noticed a white ugly thing
 10037 | D:11     | Killed a purple ugly thing
 10044 | D:11     | Killed a green ugly thing
 10297 | D:11     | Reached skill level 5 in Conjurations
 10297 | D:11     | Reached skill level 5 in Hexes
 10297 | D:11     | Reached skill level 5 in Summonings
 10297 | D:11     | Reached skill level 5 in Necromancy
 10297 | D:11     | Reached skill level 5 in Translocations
 10297 | D:11     | Reached skill level 5 in Transmutations
 10297 | D:11     | Reached skill level 5 in Fire Magic
 10297 | D:11     | Reached skill level 5 in Ice Magic
 10297 | D:11     | Reached skill level 5 in Air Magic
 10297 | D:11     | Reached skill level 5 in Earth Magic
 10297 | D:11     | Reached skill level 5 in Poison Magic
 10715 | D:11     | Found a staircase to the Orcish Mines.
 10809 | D:11     | HP: 4/93 [gnoll/+0 halberd (9)]
 11077 | D:11     | Reached XP level 12. HP: 69/100 MP: 21/21
 11335 | D:9      | Bought a scroll of enchant armour for 112 gold pieces
 11371 | D:9      | Bought a scroll of enchant armour for 120 gold pieces
 11431 | Orc:1    | Entered Level 1 of the Orcish Mines
 11432 | Orc:1    | Found Bobodouw's Weapon Shoppe.
 11665 | Orc:1    | Noticed Jorgrun
 11689 | Orc:1    | HP: 1/100 [Jorgrun/uncursed staff of earth (6)]
 11691 | Orc:1    | Slain by Jorgrun

Illustrated notes

Levels and vault maps discovered:
D:1:      wander_arrival_desolate, layout_basic, chequers_serial_rivers_micro_e
D:2:      layout_loops_cross, kennysheep_slug_shrine,
          hangedman_abyss_or_decor_lesser_grid, kennysheep_potato, uniq_robin
D:3:      layout_rooms, grunt_temple_overflow_open, minmay_misc_feat_rows
D:4:      layout_rooms, serial_shops, shop_fountains
D:5:      layout_cave_pools, nicolae_overflow_crystal_walls,
          minmay_temple_entry_mist, nemelex_diamond_rough_becter
D:6:      layout_basic, vehumet_altar_wand_db, ebering_ghost_xom, uniq_edmund,
          uniq_crazy_yiuf_cottage, uniq_maggie, uniq_eustachio
D:7:      layout_cave_pools, lemuel_doored_altar, grunt_ministairs_3,
          uniq_harold
D:8:      layout_basic, xom_redecorated
D:9:      layout_basic, kennysheep_mini, erik_lair_island, serial_shops,
          nicolae_shop_stone, nicolae_shop_temple_entry_statues_fountains, shop,
          nicolae_shop_stone, kb_lookout_dungeons_type, grunt_decor_cap
D:10:     layout_roguey
D:11:     layout_loops_cross, kennysheep_orc_monster_closet_entryway
Orc:1:    layout_caves, serial_shops, shop, nicolae_shop_stone, shop,
          hangedman_minor_magic, uniq_jorgrun

Skill      XL: |  1  2  3  4  5  6  7  8  9 10 11 |
---------------+----------------------------------+-----
Fighting       | 9 10 11 | 11.3
Invocations    | 1 2 3 5 6 |  6.9
Short Blades   | 1 2 3 4 5 6 |  6.3
Long Blades    | 1 2 3 4 5 6 |  6.3
Axes           | 1 2 3 4 5 6 |  6.3
Maces & Flails | 1 2 3 4 5 6 |  6.3
Polearms       | 1 2 3 4 5 6 |  6.3
Staves         | 1 2 3 4 5 6 |  6.3
Slings         | 1 2 3 4 5 6 |  6.3
Crossbows      | 1 2 3 4 5 6 |  6.3
Dodging        | 1 2 3 4 5 6 |  6.3
Shields        | 1 2 3 4 5 6 |  6.3
Unarmed Combat | 1 2 3 4 5 6 |  6.3
Spellcasting   | 1 2 3 4 5 6 |  6.3
Evocations     | 1 2 3 4 0 |  0.0
Conjurations   | 1 2 3 4 5 |  5.2
Hexes          | 1 2 3 4 5 |  5.2
Summonings     | 1 2 3 4 5 |  5.2
Necromancy     | 1 2 3 4 5 |  5.2
Translocations | 1 2 3 4 5 |  5.2
Transmutations | 1 2 3 4 5 |  5.2
Fire Magic     | 1 2 3 4 5 |  5.2
Ice Magic      | 1 2 3 4 5 |  5.2
Air Magic      | 1 2 3 4 5 |  5.2
Earth Magic    | 1 2 3 4 5 |  5.2
Poison Magic   | 1 2 3 4 5 |  5.2
Bows           | 3 4 5 6 |  6.7
Throwing       | 3 4 5 6 |  6.7
Stealth        | 3 4 5 0 |  0.0
Armour         | 5 5 6 7 |  7.6

Action                   |  1- 3 |  4- 6 |  7- 9 | 10-12 || total
-------------------------+-------+-------+-------+-------++-------
Melee: Falchion          |       |   123 |       |       ||   123
       Bite              |       |    22 |    35 |    59 ||   116
       Flail             |       |    98 |   138 |       ||   236
       Punch             |       |     2 |       |       ||     2
       Dire flail        |       |       |    89 |   487 ||   576
       Staff             |       |       |       |     6 ||     6
 Fire: Shortbow          |    73 |    11 |       |       ||    84
Throw: Boomerang         |       |     4 |       |       ||     4
Invok: Sacrifice Skill   |       |       |     1 |       ||     1
       Power Leap        |       |       |       |     1 ||     1
       Sacrifice Artific |       |       |       |     1 ||     1
       Sacrifice Stealth |       |       |       |     1 ||     1
       Reject Sacrifices |       |       |       |     1 ||     1
  Use: Scroll            |       |     4 |     2 |    14 ||    20
       Potion            |       |     1 |     3 |     7 ||    11
 Stab: Sleeping          |       |       |     5 |     6 ||    11
       Paralysed         |       |       |       |     3 ||     3
       Invisible         |       |       |       |     5 ||     5
       Distracted        |       |       |       |     1 ||     1
Armor: Plate armour      |    12 |   165 |       |       ||   177
       Ring mail         |       |    16 |   118 |    33 ||   167
       Scale mail        |       |       |       |   140 ||   140
       Gold dragon scale |       |       |       |   198 ||   198
Dodge: Dodged            |     7 |    94 |   172 |   305 ||   578
       Rpst.: Falchion   |       |    11 |       |       ||    11

Table legend: (Time is in decaauts)
 A = Elapsed time spent in this place.
 B = Non-inter-level travel time spent in this place.
 C = Inter-level travel time spent in this place.
 D = Time resting spent in this place.
 E = Time spent auto-exploring this place.
 F = Levels seen in this place.
 G = Mean time per level.
                   A        B        C        D        E       F      G
               +--------+--------+--------+--------+--------+-----+--------+
         Total |  11822 |  11441 |    381 |   1466 |   7601 |  12 |  985.2 |
       Dungeon |  11562 |  11181 |    381 |   1466 |   7394 |  11 | 1051.1 |
  Orcish Mines |    259 |    259 |      0 |      0 |    207 |   1 |  259.0 |
               +--------+--------+--------+--------+--------+-----+--------+

Top non-repeatable levels by time:
     D:9: 1820 daAuts
    D:11: 1579 daAuts
     D:6: 1250 daAuts
     D:2: 1141 daAuts
    D:10: 1129 daAuts
     D:8: 1024 daAuts
     D:1: 942 daAuts
     D:4: 724 daAuts
     D:5: 677 daAuts
     D:3: 648 daAuts
     D:7: 624 daAuts
   Orc:1: 259 daAuts
